 Dungeon Crawl Stone Soup version 0.28-a0-1518-gbe868bca14 (webtiles) character file.

Game seed: 5904248687840445787

58 sizableburger the Vexing (level 4, -6/49 HPs)
             Began as an Ogre Arcane Marksman on Jan 17, 2022.
             Mangled by a rust devil (9 damage)
             ... summoned by Xom
             ... on level 3 of the Dungeon.
             The game lasted 00:07:26 (3213 turns).

sizableburger the Vexing (Ogre Arcane Marksman)     Turns: 3213, Time: 00:07:28

Health: -6/49      AC: -9    Str: 14      XL:     4   Next: 2%
Magic:  5/5        EV:  9    Int: 16      God:
Gold:   95         SH:  0    Dex:  3 (9)  Spells: 3/5 levels left

rFire   . . .      SeeInvis .   h - +0 mace
rCold   + . .      Faith    .   (no shield)
rNeg    . . .      Spirit   .   a - +0 robe
rPois   .          Reflect  .   (helmet restricted)
rElec   .          Harm     .   (no cloak)
rCorr   .          Rampage  .   (gloves unavailable)
Will    .....                   (boots unavailable)
Stlth   +.........              (no amulet)
HPRegen 0.16/turn               (no ring)
MPRegen 0.09/turn               (no ring)

@: brilliant, corroded, invisible
A: large, unfitting armour, tough skin 1, hooves 1, cold resistance 1, robust 1,
wild magic 1
a: no special abilities


You were on level 3 of the Dungeon.
You visited 1 branch of the dungeon, and saw 3 of its levels.

You collected 95 gold pieces.

Inventory:

Hand Weapons
 h - a +0 mace (weapon)
Missiles
 b - 4 large rocks (quivered)
 e - 3 poisoned darts
Armour
 a - a +0 robe (worn)
Jewellery
 d - a ring of ice


   Skills:
 + Level 3.1 Fighting
 + Level 1.5 Maces & Flails
 + Level 2.3 Throwing
 - Level 1.7 Dodging
 - Level 0.1 Unarmed Combat
 - Level 1.2 Spellcasting
 - Level 3.1 Hexes
 + Level 0.0 Summonings


You had 3 spell levels left.
You knew the following spells:

 Your Spells              Type           Power      Damage    Failure   Level
a - Slow                  Hex            84%        N/A       10%         1
b - Summon Small Mammal   Summ           4%         N/A       30%         1

Your spell library contained the following spells:

 Spells                   Type           Power      Damage    Failure   Level
 Inner Flame              Hex/Fire       11%        N/A       43%         3
 Portal Projectile        Hex/Tloc       22%        N/A       43%         3
 Summon Guardian Golem    Hex/Summ       11%        N/A       43%         3
 Call Canine Familiar     Summ           1%         N/A       65%         3
 Cause Fear               Hex            10%        N/A       63%         4


Dungeon Overview and Level Annotations

Branches:
Dungeon (3/15)

Altars:
Xom

Shops:
D:2 *

Annotations:
D:2 Natasha


Innate Abilities, Weirdness & Mutations

You are too large for most types of armour.
You have tough skin. (AC +1)
You have large cloven feet.
Your flesh is cold resistant. (rC+)
You are robust. (+10% HP)
Your spells are a little harder to cast, but a little more powerful.


Message History

You feel clumsy. The rust devil completely misses you.
You strike the helpless quasit from behind!
You hit the quasit.
The quasit is moderately wounded.
The quasit closely misses you. The quasit barely misses you.
The quasit claws you. The rust devil hits you!
* * * LOW HITPOINT WARNING * * *
The rust devil corrodes you!
You feel better. The quasit bites you.
* * * LOW HITPOINT WARNING * * *
The quasit closely misses you. The quasit barely misses you.
The rust devil hits you!
* * * LOW HITPOINT WARNING * * *
The rust devil corrodes you! The quasit bites you.
* * * LOW HITPOINT WARNING * * *
The quasit closely misses you. The quasit claws you.
* * * LOW HITPOINT WARNING * * *
You feel better. The quasit closely misses you. The quasit claws you.
* * * LOW HITPOINT WARNING * * *
The quasit barely misses you. The rust devil barely misses you.
You aren't carrying any scrolls.
You miss the quasit. Your kick misses the quasit.
The quasit is moderately wounded.
The quasit bites you.
* * * LOW HITPOINT WARNING * * *
You feel clumsy. The quasit closely misses you. The quasit claws you.
* * * LOW HITPOINT WARNING * * *
The rust devil barely misses you. The quasit barely misses you.
The quasit closely misses you. The quasit claws you.
* * * LOW HITPOINT WARNING * * *
The iron imp disappears for a moment.
You closely miss the quasit. Your kick misses the quasit.
Your punch misses the quasit.
The quasit is moderately wounded.
The rust devil closely misses you. The quasit barely misses you.
The quasit completely misses you. The quasit closely misses you.
The rust devil hits you!
You die...

...# ##.##.#
..## ####.#
.## #.## ##
#.#.######.##
#
#.###.#.......
# #.# ##..#
##########
#.#5#
...<....#
#†##5#
..#####.# #.#
#@# .## #. #4#
## # #5# # #..
###


You could see a rust devil (summoned), an iron imp (summoned), a quasit
(summoned) and an ufetubus (summoned).

Vanquished Creatures
  A gnoll (D:1)
  3 worms (D:2)
  3 dart slugs (D:1)
  An endoplasm (D:2)
  2 giant cockroaches
  4 goblins
  3 hobgoblins
  5 kobolds
  4 ball pythons
  3 bats
  A frilled lizard (D:2)
  7 rats
37 creatures vanquished.

Vanquished Creatures (others)
  A hobgoblin (D:3)
  2 plants (D:1)
  4 toadstools (D:1)
7 creatures vanquished.

Grand Total: 44 creatures vanquished

Notes
Turn   | Place    | Note
-------+----------+-------------------------------------------
     0 | D:1      | sizableburger the Ogre Arcane Marksman began the quest for
                  | the Orb.
     0 | D:1      | Reached XP level 1. HP: 19/19 MP: 2/2
   123 | D:1      | Found a faded altar of an unknown god.
   360 | D:1      | Reached XP level 2. HP: 22/28 MP: 3/3
   439 | D:1      | Prayed at the altar of an unknown god.
   439 | D:1      | Became a worshipper of Xom the Begetter of Turbulence
   459 | D:1      | Fell from the grace of Xom
  1061 | D:2      | Noticed Natasha
  1084 | D:1      | Reached skill level 1 in Maces & Flails
  1084 | D:1      | Reached XP level 3. HP: 26/36 MP: 1/4
  1417 | D:1      | XOM: give mutations
  1417 | D:1      | Gained mutation: Your flesh is cold resistant. (rC+) [Xom's
                  | grace]
  1417 | D:1      | Gained mutation: You are robust. (+10% HP) [Xom's grace]
  1417 | D:1      | Gained mutation: Your spells are a little harder to cast,
                  | but a little more powerful. [Xom's grace]
  1417 | D:1      | Gained mutation: You have large cloven feet. [Xom's grace]
  1653 | D:2      | Found Tuliver's Assorted Antiques.
  2654 | D:2      | Reached XP level 4. HP: 11/49 MP: 5/5
  2967 | D:3      | XOM: noise
  3085 | D:3      | Learned a level 1 spell: Summon Small Mammal
  3197 | D:3      | XOM: summons 4 hostile demons
  3198 | D:3      | Noticed a rust devil
  3210 | D:3      | HP: 2/49 [quasit[Xom] (1)]
  3213 | D:3      | Mangled by a rust devil

Illustrated notes

Levels and vault maps discovered:
D:1:      ldierk_water_garden, layout_loops_ring, shapermc_ecumenical_altar_gd,
          nicolae_grassy_gnolls
D:2:      layout_loops_corners, serial_shops, shop, uniq_natasha
D:3:      layout_loops_corners, nicolae_kikubaaqudgha_miasma_corner

Skill      XL: |  1  2  3 |
---------------+----------+-----
Fighting       | 2 3 |  3.1
Maces & Flails | 1 |  1.5
Hexes          | 3 |  3.1
Throwing       | |  2.3
Dodging        | |  1.7
Unarmed Combat | |  0.1
Spellcasting   | |  1.2

Action                   |  1- 3 |  4- 6 || total
-------------------------+-------+-------++-------
Melee: Club              |   113 |       ||   113
       Unarmed           |     9 |       ||     9
       Hand axe          |     2 |       ||     2
       Mace              |    44 |    12 ||    56
       Kick              |    23 |     1 ||    24
       Punch             |     2 |       ||     2
Throw: Dart              |     7 |       ||     7
       Large rock        |     2 |       ||     2
       Throwing net      |       |     2 ||     2
 Cast: Slow              |     7 |       ||     7
Invok: Renounce Religion |     1 |       ||     1
  Use: Potion            |     1 |     4 ||     5
 Stab: Sleeping          |     1 |       ||     1
       Invisible         |       |     2 ||     2
Armor: Robe              |    67 |    13 ||    80
Dodge: Dodged            |   118 |    39 ||   157

Table legend: (Time is in decaauts)
 A = Elapsed time spent in this place.
 B = Non-inter-level travel time spent in this place.
 C = Inter-level travel time spent in this place.
 D = Time resting spent in this place.
 E = Time spent auto-exploring this place.
 F = Levels seen in this place.
 G = Mean time per level.
                   A        B        C        D        E       F      G
               +--------+--------+--------+--------+--------+-----+--------+
         Total |   3263 |   3092 |    171 |   1056 |   1416 |   3 | 1087.7 |
       Dungeon |   3263 |   3092 |    171 |   1056 |   1416 |   3 | 1087.7 |
               +--------+--------+--------+--------+--------+-----+--------+

Top non-repeatable levels by time:
     D:1: 1574 daAuts
     D:2: 1440 daAuts
     D:3: 248 daAuts
